 Dungeon Crawl Stone Soup version 0.30-a0-1082-g70414cbcbb (webtiles) character file.

Game seed: 12550092533389713568

672 Lusmu the Conjurer (level 7, 0/40 HPs)
             Began as a Tengu Reaver on Apr 15, 2023.
             Slain by a black bear (7 damage)
             ... on level 5 of the Dungeon.
             The game lasted 00:29:01 (3526 turns).

Lusmu the Conjurer (Tengu Reaver)                   Turns: 3526, Time: 00:29:02

Health: 0/40       AC:  6    Str: 15 (18) XL:     7   Next: 58%
Magic:  14/14      EV: 14    Int: 14 (15) God:
Gold:   187        SH:  0    Dex: 10 (13) Spells: 11/14 levels left

rFire   . . .      SeeInvis +    v - staff of air
rCold   . . .      Faith    .    (no shield)
rNeg    . . .      Spirit   .    b - +0 leather armour
rPois   .          Reflect  .    (helmet restricted)
rElec   +          Rampage  .    a - +1 cloak
rCorr   .                        q - +0 pair of gloves
Will    .....                    (boots unavailable)
Stlth   ++                       (no amulet)
HPRegen 0.26/turn                h - +6 ring of strength
MPRegen 0.14/turn                c - ring of see invisible

@: flying quickly and evasively, quick
A: beak, talons 3, nimble flight
a: no special abilities


You were on level 5 of the Dungeon.
You visited 1 branch of the dungeon, and saw 5 of its levels.

You collected 247 gold pieces.
You spent 60 gold pieces at shops.

Inventory:

Hand Weapons
 m - a +1 short sword of speed
Armour
 a - a +1 cloak (worn)
 b - a +0 leather armour (worn)
 q - a +0 pair of gloves (worn)
Magical Staves
 v - a staff of air (weapon)
Jewellery
 c - a ring of see invisible (right hand)
 h - a +6 ring of strength (left hand)
Scrolls
 d - a scroll of identify {unknown}
 e - a scroll of amnesia {unknown}
 k - 2 scrolls of enchant weapon {unknown}
 s - a scroll of fear {unknown}
 x - a scroll of fog {unknown}
Potions
 f - a potion of degeneration
 g - a potion of attraction {unknown}
 i - a potion of haste {unknown}
 j - a potion of invisibility {unknown}
 l - a potion of experience {unknown}
 n - a potion of resistance {unknown}
 o - 2 potions of lignification {unknown}
 t - 3 potions of might {unknown}
 w - a potion of ambrosia {unknown}
 z - a potion of magic {unknown}


   Skills:
 - Level 2.0 Fighting
 - Level 3.2 Short Blades
 + Level 1.7 Staves
 - Level 2.1 Dodging
 - Level 3.4 Stealth
 - Level 4.0 Spellcasting
 - Level 5.4 Conjurations
 - Level 2.7 Necromancy
 - Level 3.0 Air Magic
 + Level 2.3 Poison Magic
 + Level 1.7 Evocations


You had 11 spell levels left.
You knew the following spells:

 Your Spells              Type           Power      Damage    Failure   Level
a - Kiss of Death         Conj/Necr      56%        2d9       4%          1
b - Poisonous Vapours     Pois/Air       30%        N/A       12%         2

Your spell library contained the following spells:

 Spells                   Type           Power      Damage    Failure   Level
 Momentum Strike          Conj/Tloc      20%        3d8       12%         2
 Sting                    Tmut/Pois      24%        1d4       14%         1
 Hailstorm                Conj/Ice       10%        3d5       24%         3
 Olgreb's Toxic Radiance  Pois           9%         N/A       65%         4


Dungeon Overview and Level Annotations

Branches:
Dungeon (5/15)
 Temple: D:4-7

Altars:
Hepliaklqana
Kikubaaqudgha
Uskayaw
Yredelemnul

Shops:
D:1 !   D:2 =

Annotations:
D:4 Grinder


Innate Abilities, Weirdness & Mutations

You have a beak for a mouth.
You have claws for feet.
Your magical nature lets you fly swiftly and evasively.


Message History

You hit the black bear but do no damage.
The black bear is heavily wounded.
The black bear bites you but does no damage.
The black bear claws you but does no damage. x2
You hit the black bear. You claw the black bear.
The black bear is severely wounded.
The black bear goes berserk!
The black bear attacks as you move away!
The black bear bites you. The black bear closely misses you. x2
The black bear rages.
You feel much better. The black bear misses you.
The black bear claws you but does no damage.
The black bear claws you. The black bear closely misses you.
The black bear misses you. The black bear barely misses you.
The black bear attacks as you move away!
The black bear misses you. The black bear barely misses you.
The black bear claws you. The black bear bites you!
The black bear claws you. x2
The black bear attacks as you move away!
The black bear bites you!
* * * LOW HITPOINT WARNING * * *
The black bear closely misses you. x2
The black bear rages.
The black bear barely misses you. x2; The black bear closely misses you.
The black bear attacks as you move away!
The black bear bites you.
* * * LOW HITPOINT WARNING * * *
The black bear closely misses you. The black bear claws you.
* * * LOW HITPOINT WARNING * * *
The sleepcap completely misses you.
You hear a distant slurping noise.
You reach down and open the door.
The black bear bites you but does no damage.
The black bear misses you. The black bear closely misses you.
The sleepcap releases spores at you.
* * * LOW HITPOINT WARNING * * *
You are engulfed in a cloud of soporific spores!
You fall asleep.
You wake up.
The black bear bites you!
You die...

..♣♣...♣♣.#.......#
....._....#.......##
..♣♣...♣♣..........#
..♣.....♣..........#
.g..♣.♣............## .
...♣♣.♣♣................
##.......##.......##....
........##....g##.......
#######.##.###fh@.......
#.# #.##.# ####.......
#.#####..g.# ###.......
...<..###### #<#.......
......#########.#.######
......#.......#.#.#
......#.# #.....#.###..
......#.###............
......'................


You could see a black bear (berserk), a sleepcap and a gnoll.

Vanquished Creatures
  Sigmund (D:2)
  An ogre (D:4)
  A phantom (D:5)
  A scorpion (D:5)
  A howler monkey (D:5)
  A hound (D:4)
  An iguana (D:5)
  Terence (D:2)
  An orc wizard (D:3)
  4 gnolls (D:4)
  7 adders
  3 worms
  2 dart slugs
  4 orcs
  5 bats
  2 endoplasms
  2 giant cockroaches
  6 goblins
  A hobgoblin (D:2)
  2 jackals (D:4)
  6 kobolds
  A quokka (D:4)
  7 ball pythons
  5 frilled lizards
  4 rats
70 creatures vanquished.

Notes
Turn   | Place    | Note
-------+----------+-------------------------------------------
     0 | D:1      | Lusmu the Tengu Reaver began the quest for the Orb.
     0 | D:1      | Reached XP level 1. HP: 12/12 MP: 4/4
   378 | D:1      | Reached XP level 2. HP: 7/15 MP: 6/6
   431 | D:1      | Found a transporter.
   433 | D:1      | Found Piaple's Distillery.
   529 | D:1      | Found a transporter.
   547 | D:1      | Bought a potion of berserk rage for 60 gold pieces
   583 | D:1      | Reached skill level 1 in Stealth
   630 | D:1      | Reached skill level 1 in Necromancy
   931 | D:2      | Found a basalt altar of Yredelemnul.
   931 | D:2      | Noticed Terence
   948 | D:2      | Reached XP level 3. HP: 21/21 MP: 7/7
   951 | D:2      | Killed Terence
  1026 | D:2      | Reached XP level 4. HP: 26/26 MP: 8/8
  1389 | D:2      | Noticed Sigmund
  1489 | D:2      | Killed Sigmund
  1490 | D:2      | Reached skill level 5 in Conjurations
  1490 | D:2      | Gained mutation: Your magical nature lets you fly swiftly
                  | and evasively. [Tengu growth]
  1490 | D:2      | Reached XP level 5. HP: 21/30 MP: 8/10
  1585 | D:2      | Found Maymojag's One-of-a-Kind Rings.
  1598 | D:2      | Learned a level 2 spell: Poisonous Vapours
  1674 | D:3      | Reached XP level 6. HP: 33/35 MP: 11/11
  2066 | D:3      | Reached skill level 1 in Air Magic
  2198 | D:3      | Found a hazy altar of Hepliaklqana.
  2281 | D:4      | Reached skill level 1 in Poison Magic
  2624 | D:4      | Reached XP level 7. HP: 25/40 MP: 13/13
  2784 | D:4      | Noticed Grinder
  2849 | D:4      | Found an ancient bone altar of Kikubaaqudgha.
  3103 | D:5      | Entered Level 5 of the Dungeon
  3187 | D:5      | Reached skill level 1 in Staves
  3187 | D:5      | Reached skill level 1 in Evocations
  3485 | D:5      | Found a hide-covered altar of Uskayaw.
  3526 | D:5      | Slain by a black bear

Illustrated notes

Levels and vault maps discovered:
D:1:      ncdulo_wetmaze, layout_basic, serial_shops, nicolae_shop_drivethru,
          moated_statue
D:2:      layout_rooms, basic_altar, nicolae_shop_unique_rings,
          kennysheep_generic_room_2, uniq_sigmund, uniq_terence
D:3:      layout_rooms, worldfamousw_hep_ancestral_shrine, saegor_snake_ambush
D:4:      layout_basic, lemuel_round_altar, uniq_grinder
D:5:      layout_basic, mainiacjoe_overflow_small_starburst,
          kennysheep_generic_room_14

Skill      XL: |  1  2  3  4  5  6  7 |
---------------+----------------------+-----
Stealth        | 1 2 3 |  3.4
Necromancy     | 1 2 |  2.7
Spellcasting   | 3 4 |  4.0
Conjurations   | 5 |  5.4
Air Magic      | 2 3 |  3.0
Poison Magic   | 1 2 |  2.3
Staves         | 1 |  1.7
Evocations     | 1 |  1.7
Fighting       | |  2.0
Short Blades   | |  3.2
Dodging        | |  2.1

Action                     |  1- 3 |  4- 6 |  7- 9 || total
---------------------------+-------+-------+-------++-------
  Melee: Short sword       |    50 |   107 |       ||   157
         Kick              |    11 |    30 |    26 ||    67
         Peck              |     6 |    20 |    16 ||    42
         Staff             |       |    13 |    86 ||    99
         Punch             |       |     1 |       ||     1
  Throw: Dart              |     1 |    10 |     2 ||    13
         Boomerang         |       |    14 |       ||    14
         Throwing net      |       |     1 |       ||     1
   Cast: Kiss of Death     |     1 |       |       ||     1
         Poisonous Vapours |       |     1 |     5 ||     6
    Use: Potion            |     2 |     1 |     2 ||     5
         Scroll            |       |     2 |       ||     2
   Stab: Sleeping          |     1 |     4 |     2 ||     7
 Armour: Leather armour    |    14 |    26 |    34 ||    74
  Dodge: Dodged            |    35 |    65 |    99 ||   199

Table legend: (Time is in decaauts)
 A = Elapsed time spent in this place.
 B = Non-inter-level travel time spent in this place.
 C = Inter-level travel time spent in this place.
 D = Time resting spent in this place.
 E = Time spent auto-exploring this place.
 F = Levels seen in this place.
 G = Mean time per level.
                   A        B        C        D        E       F      G
               +--------+--------+--------+--------+--------+-----+--------+
         Total |   3356 |   3244 |    112 |    145 |   1764 |   5 |  671.2 |
       Dungeon |   3356 |   3244 |    112 |    145 |   1764 |   5 |  671.2 |
               +--------+--------+--------+--------+--------+-----+--------+

Top non-repeatable levels by time:
     D:1: 935 daAuts
     D:4: 792 daAuts
     D:2: 681 daAuts
     D:3: 623 daAuts
     D:5: 324 daAuts
